cohdb
Replays
Latest Replays
All Replays
Popular Replays
Top Player Replays
Match Explorer
How It Works
Community
CoH3 Stats
Reddit
Sign in to upload your games and track your stats! →
Sign in with Steam
Match 46697266
Unlisted
Match 46697266
Overview
Messages
Build Orders
End
Construct Infanterie Kompanie
Kettenkrad Recon Vehicle
MG 42 Machine Gun Team
Grenadier Squad
Construct Panzergrenadier Kompanie
Panzergrenadier Squad
Panzergrenadier Squad
Medical Station
Pak 40 Anti-tank Gun Team
Support Elements
StuG III G Assault Gun
Panzergrenadier Squad
Nebelwerfer 42 Rocket Launcher Team
Selects Mechanized Battlegroup
Selects Spotting Scopes
MG 42 Bunker
Construct Panzer Kompanie
Pak 40 Anti-tank Gun Team
Selects Spotting Scopes
Selects Stoßtruppen Assault Package
Selects Raid Package
Selects StuG Assault Group
Selects UNKNOWN (2160084)
Selects Zeroing Artillery Barrage
Panther Heavy Tank
Pak 40 Anti-tank Gun Team
Pak 40 Anti-tank Gun Team
Panther Heavy Tank
sharinGun
Lipton
Pony Gao
Don Pitudo
Heath Lair
Vashordo
0
0
Comments
sign in to comment!
No comments posted yet!